 Dungeon Crawl Stone Soup version 0.24.0-123-gd5b16e6ec5 (webtiles) character file.

Game seed: 2453029760662398885, levelgen mode: deterministic

114978 Amplified the Bludgeoner (level 16, -10/151 HPs)
             Began as a Hill Orc Gladiator on Jan 2, 2020.
             Was the Champion of Makhleb.
             Blown up by a great orb of eyes (40 damage)
             ... with a disintegration bolt
             ... on level 14 of the Dungeon.
             The game lasted 00:33:49 (22126 turns).

Amplified the Bludgeoner (Hill Orc Gladiator)      Turns: 22126, Time: 00:33:50

Health: -10/151    AC: 23    Str: 23    XL:     16   Next: 67%
Magic:  22/22      EV: 15    Int: 11    God:    Makhleb [******]
Gold:   2136       SH:  2    Dex: 13    Spells: 15/15 levels left

rFire    + + +     SeeInvis .   d - +7 great mace "Firestarter" {inner flame, rF++}
rCold    . . .     Gourm    .   (shield currently unavailable)
rNeg     . . .     Faith    .   e - +0 plate armour
rPois    .         Spirit   .   A - +2 helmet {Int+3}
rElec    .         Reflect  +   O - +0 cloak
rCorr    .         Harm     .   C - +0 pair of gloves
MR       +....                  i - +1 pair of boots
Stlth    ..........             D - +2 amulet of reflection
HPRegen  0.35/turn              h - +4 ring of evasion
MPRegen  0.18/turn              x - ring of protection from fire

@: no status effects
A: subdued magic 1
a: Minor Destruction, Lesser Servant of Makhleb, Major Destruction, Greater
Servant of Makhleb, Renounce Religion


You were on level 14 of the Dungeon.
You worshipped Makhleb.
Makhleb was exalted by your worship.
You were not hungry.

You visited 5 branches of the dungeon, and saw 25 of its levels.
You visited the Abyss 1 time.
You also visited: Ice Cave.

You collected 2364 gold pieces.
You spent 228 gold pieces at shops.

Inventory:

Hand Weapons
 a - a +1 war axe of freezing
 d - the +7 great mace "Firestarter" (weapon) {inner flame, rF++}
   (You found it on level 9 of the Dungeon)

   It has been specially enchanted to burn those struck by it, causing extra
   injury to most foes and up to half again as much damage against particularly
   susceptible opponents.
   It greatly protects you from fire.
Missiles
 r - 58 poisoned darts (quivered)
Armour
 e - a +0 plate armour (worn)
 i - a +1 pair of boots (worn)
 p - the cursed +0 hat "Rautig" {SInv}
   (You bought it in a shop on level 8 of the Dungeon)

   It lets you see invisible.
   It has a curse placed upon it.
 A - a +2 helmet of intelligence (worn)
 C - a +0 pair of gloves (worn)
 O - a +0 cloak (worn)
Jewellery
 b - an uncursed ring of ice
 c - an uncursed ring of stealth
 g - an uncursed ring of protection from cold
 h - a +4 ring of evasion (left hand)
 n - an uncursed ring of see invisible
 s - an uncursed ring of positive energy
 x - a ring of protection from fire (right hand)
 D - a +2 amulet of reflection (around neck)
 G - an uncursed ring of ice
 I - a cursed ring of protection from magic
Wands
 j - a wand of clouds (9)
 l - a wand of disintegration (20)
 q - a wand of random effects (79)
 u - a wand of iceblast (44)
 E - a wand of paralysis (6)
 H - a wand of digging (3)
 J - a wand of polymorph (12)
 K - a wand of enslavement (4)
Scrolls
 t - a scroll of amnesia
 v - 2 scrolls of blinking
 w - 8 scrolls of teleportation
 y - 8 scrolls of remove curse
 B - 6 scrolls of enchant weapon
 P - 2 scrolls of identify
Potions
 k - 2 potions of mutation
 m - 2 potions of magic
 o - 3 potions of brilliance
 z - a potion of ambrosia
 F - 2 potions of cancellation
 M - a potion of berserk rage
 R - a potion of haste
Miscellaneous
 N - a phial of floods
Comestibles
 f - 30 rations
 L - 4 chunks of flesh


   Skills:
 * Level 16.0 Fighting
 - Level 11.0(18.4) Axes
 - Level 20.0(20.5) Maces & Flails
 - Level 1.7 Throwing
 * Level 9.7 Armour
 * Level 9.2 Dodging
 - Level 8.5 Invocations


You had 15 spell levels left.
You didn't know any spells.
Your spell library contained the following spells:

 Spells                   Type           Power        Failure   Level  Hunger
 Apportation              Tloc           #.....       99%         1    ##.....
 Corona                   Hex            #......      99%         1    ##.....
 Freeze                   Ice            #...         99%         1    ##.....
 Sting                    Conj/Pois      #...         99%         1    ##.....
 Summon Butterflies       Summ           #.......     99%         1    ##.....
 Poisonous Vapours        Pois/Air       #.....       99%         2    ###....
 Slow                     Hex            #.......     99%         2    ###....
 Throw Frost              Conj/Ice       #.....       99%         2    ###....
 Inner Flame              Hex/Fire       #.......     100%        3    ####...
 Lesser Beckoning         Tloc           #.........   100%        3    ####...
 Mephitic Cloud           Conj/Pois/Air  #.......     100%        3    ####...
 Ozocubu's Armour         Chrm/Ice       #.......     100%        3    ####...
 Portal Projectile        Hex/Tloc       #.....       100%        3    ####...
 Summon Guardian Golem    Hex/Summ       #.......     100%        3    ####...
 Tukima's Dance           Hex            #.......     100%        3    ####...
 Cause Fear               Hex            #.........   100%        4    #####..
 Leda's Liquefaction      Hex/Erth       #.........   100%        4    #####..
 Olgreb's Toxic Radiance  Pois           #.......     100%        4    #####..
 Petrify                  Tmut/Erth      #.......     100%        4    #####..
 Summon Ice Beast         Ice/Summ       #.......     100%        4    #####..
 Throw Icicle             Conj/Ice       #.......     100%        4    #####..
 Alistair's Intoxication  Tmut/Pois      #.......     100%        5    ######.
 Lee's Rapid Deconstruct  Erth           #.........   100%        5    ######.
 Summon Forest            Summ/Tloc      #.........   100%        5    ######.
 Venom Bolt               Conj/Pois      #.........   100%        5    ######.
 Invisibility             Hex            #.......     100%        6    #######
 Statue Form              Tmut/Erth      #........    100%        6    #######
 Summon Hydra             Summ           #.........   100%        7    #######


Dungeon Overview and Level Annotations

Branches:
Dungeon (14/15)            Temple (1/1) D:5            Lair (6/6) D:11
  Snake (0/4) Lair:2        Slime (0/5) Lair:6          Orc (2/2) D:10
    Elf (2/3) Orc:2        Vaults (0/5) D:13          IceCv (visited)
  Swamp: Lair:2-4    Shoals: Lair:2-4

Altars:
Ashenzari
Cheibriados
Dithmenos
Elyvilon
Fedhas
Gozag
Hepliaklqana
Kikubaaqudgha
Makhleb
Nemelex Xobeh
Okawaru
Qazlal
Sif Muna
Trog
Uskayaw
Vehumet
Wu Jian
Xom
Yredelemnul
Zin
The Shining One
Beogh

Shops:
D:7 :   D:8 (*[*   D:10 [   D:13 ?   Orc:1 *   Orc:2 }(*}(

Annotations:
Lair:2 2 transporters, Cary's ghost, journeyman DEFE
Lair:3 exclusion: ice statue
Lair:6 exclusion: 2 oklob plants


Innate Abilities, Weirdness & Mutations

Your spells are a little easier to cast, but a little less powerful.


Message History

A great orb of eyes comes into view.
The great orb of eyes turns its gaze towards you.
A wolf spider comes into view.
The wolf spider hisses angrily.
A cyclops comes into view.
The cyclops shouts!
The crimson imp barely misses you.
An ogre comes into view. It is wielding a +0 giant club.
The four-headed hydra bites you.
* * * LOW HITPOINT WARNING * * *
The four-headed hydra bites you.
* * * LOW HITPOINT WARNING * * *
The four-headed hydra misses you.
The four-headed hydra closely misses you.
A hydra and a crimson imp come into view.
Unknown command.
Unknown command.
The great orb of eyes gazes at you.
You are blasted!
You die...

#.........# ..# #.#
#.###.###.# #. ##.#
#.# #.# #.# #.# ...
Z.# # #.# #.###.###.#
#.###H#.# #.#
#.........# ...#..Z.#
#.) #.###.###.#
##.###Z#.5.... #..
#.# #.# #.# #... ..#
.#[#. #.# #.###.###.#
##O###.# # #.#
#...).....# #D.@...#
#.# #####.#####
##.##### #.#
##.#...#.###sG..5..#
#.#
#...#†#...#.C#####..#
#.. ##.#.#.#.##. .#
#.. #.#.....#.# # #..
#..#.#.#..# #.#
#.#.....#.# #.#
##.#.#.#.## #.#


You could see a four-headed hydra, a great orb of eyes, a cyclops and an ogre.

Vanquished Creatures
  2 tentacled starspawn (Abyss:3)
  A deep elf demonologist (Elf:1)
  The ghost of Peloso the Carver, a journeyman MiFi of Okawaru (Lair:5)
  4 dire elephants (Lair:6)
  Azrael (D:12)
  Snorg (Orc:1)
  An ettin (Orc:2)
  Josephine (D:12)
  A vault guard (D:13)
  3 hydras
  An anaconda (Lair:6)
  A catoblepas (Lair:4)
  5 death yaks
  A two-headed ogre (D:11)
  A centaur warrior (D:13)
  5 dancing weapons
  A queen ant (D:11)
  A thrashing horror (Abyss:3)
  4 orc high priests
  5 deep elf knights (Elf:1)
  A wretched star (Abyss:3)
  4 unseen horrors
  8 skeletal warriors
  4 lindwurms (Lair:6)
  9 deep elf archers (Elf:1)
  25 deep elf magi
  3 orc knights
  A necromancer (IceCv)
  3 ugly things
  3 manticores
  6 orc sorcerers
  An oklob plant (D:11)
  2 cyclopes (D:13)
  A worldbinder (Abyss:3)
  4 black mambas
  10 elephants
  A centaur skeleton (D:13)
  An ice statue (IceCv)
  2 gargoyles
  2 kobold demonologists
  A smoke demon (Abyss:3)
  2 rime drakes
  7 spiny frogs
  5 komodo dragons
  10 freezing wraiths (IceCv)
  2 ice devils (Lair:4)
  6 polar bears
  Grinder (D:4)
  A wolf spider simulacrum (IceCv)
  6 trolls
  A raiju (Abyss:3)
  A harpy skeleton (D:13)
  10 hippogriffs
  10 blink frogs
  3 slime creatures (D:12)
  7 dream sheep (Lair:6)
  A tarantella (shapeshifter) (Elf:1)
  4 air elementals
  3 wyverns
  2 shadows
  A ynoxinul (Abyss:3)
  Eustachio (D:4)
  4 basilisks
  25 yaks
  7 fire elementals
  4 wraiths (D:12)
  A redback simulacrum (D:14)
  2 chaos spawn (Abyss:3)
  6 large abominations
  2 neqoxecs (Abyss:3)
  9 vampire mosquitoes
  2 wargs
  4 nagas (Lair:2)
  19 soldier ants (D:11)
  3 hell hounds (D:12)
  14 porcupines
  9 water moccasins
  40 orc warriors
  2 eyes of draining
  15 ice beasts
  4 phantoms
  6 sky beasts
  2 small abominations (Abyss:3)
  A necrophage (D:8)
  12 ogres
  15 crocodiles
  10 centaurs
  A big kobold (D:9)
  12 bullfrogs
  7 scorpions
  An elephant simulacrum (IceCv)
  6 killer bees (D:13)
  14 wights
  2 bullfrog zombies
  6 crimson imps
  31 orc priests
  3 quasits
  A centaur zombie (D:2)
  4 draconian simulacra (IceCv)
  5 hounds
  6 jellies
  38 orc wizards
  A gnoll shaman (D:5)
  5 bullfrog skeletons
  An iron imp (Abyss:3)
  Natasha (thrice) (D:4)
  4 iguanas
  5 troll simulacra (IceCv)
  A polar bear simulacrum (IceCv)
  A spriggan simulacrum (IceCv)
  38 worker ants
  A wolf simulacrum (IceCv)
  A centaur simulacrum (IceCv)
  A hound zombie (D:9)
  2 hound skeletons
  A howler monkey zombie (D:5)
  2 worker ant zombies
  20 adders
  3 gnolls (D:5)
  6 ogre simulacra (IceCv)
  3 naga simulacra (IceCv)
  4 shadow imps
  14 white imps
  2 oozes
  An adder zombie (D:9)
  An adder skeleton (D:5)
  2 worms
  2 dart slugs (D:1)
  3 leopard geckos
  103 orcs
  A ball python (D:4)
  35 bats
  8 giant cockroaches
  2 goblins
  6 hobgoblins
  9 jackals
  6 quokkas
  3 frilled lizards
  15 kobolds
  A leopard gecko zombie (D:5)
  A quokka skeleton (D:6)
  A quokka zombie (D:5)
  7 rats
  2 fungi (Lair:6)
  11 plants
  4 starspawn tentacles (Abyss:3)
915 creatures vanquished.

Vanquished Creatures (collateral kills)
  An orc warlord (Orc:1)
1 creature vanquished.

Vanquished Creatures (others)
  A centaur warrior (D:13)
  A water elemental (Elf:1)
  3 fungi (Lair:6)
  A lurking horror (Abyss:3)
  11 plants
  3 starspawn tentacles (Abyss:3)
20 creatures vanquished.

Grand Total: 936 creatures vanquished

Notes
Turn   | Place    | Note
-------+----------+-------------------------------------------
     0 | D:1      | Amplified the Hill Orc Gladiator began the quest for the
                  | Orb.
     0 | D:1      | Reached XP level 1. HP: 18/18 MP: 1/1
    20 | D:1      | Reached XP level 2. HP: 25/25 MP: 2/2
   460 | D:1      | Reached XP level 3. HP: 31/31 MP: 3/3
   551 | D:1      | Reached skill level 1 in Armour
  1104 | D:2      | Reached skill level 5 in Axes
  1104 | D:2      | Reached XP level 4. HP: 40/40 MP: 4/4
  1190 | D:2      | Reached XP level 5. HP: 26/46 MP: 5/5
  1856 | D:3      | Reached XP level 6. HP: 52/53 MP: 6/6
  1946 | D:3      | Found a white marble altar of Elyvilon.
  2574 | D:4      | Reached skill level 5 in Fighting
  2595 | D:4      | Noticed Grinder
  2599 | D:4      | Noticed Eustachio
  2610 | D:4      | Paralysed by Grinder for 4 turns
  2616 | D:4      | Reached XP level 7. HP: 53/61 MP: 7/7
  2630 | D:4      | Killed Eustachio
  2638 | D:4      | Paralysed by Grinder for 7 turns
  2658 | D:4      | Killed Grinder
  2782 | D:4      | Reached XP level 8. HP: 46/71 MP: 8/8
  3095 | D:4      | Noticed Natasha
  3101 | D:4      | Killed Natasha
  3185 | D:4      | Noticed Natasha
  3190 | D:4      | Killed Natasha
  3273 | D:5      | Entered Level 5 of the Dungeon
  3345 | D:4      | Noticed Natasha
  3349 | D:4      | Killed Natasha
  3754 | D:5      | Reached XP level 9. HP: 72/81 MP: 9/9
  3768 | D:5      | Found a staircase to the Ecumenical Temple.
  3797 | D:5      | Reached skill level 5 in Armour
  3808 | Temple   | Entered the Ecumenical Temple
  3895 | Temple   | Became a worshipper of Makhleb the Destroyer
  4451 | D:6      | Reached skill level 1 in Invocations
  4634 | D:6      | Reached skill level 10 in Axes
  4984 | D:7      | Found Ralluokug's Book Shop.
  5578 | D:8      | Found Ypny's Armour Emporium.
  5615 | D:8      | Reached * piety under Makhleb
  5917 | D:8      | Found Zamiul's Assorted Antiques.
  5930 | D:8      | Bought a fine hat for 171 gold pieces
  5930 | D:8      | Bought a scroll of teleportation for 57 gold pieces
  5930 | D:8      | Identified the cursed +0 hat "Rautig" {SInv} (You bought it
                  | in a shop on level 8 of the Dungeon)
  6030 | D:8      | Found Melai's General Store.
  6057 | D:8      | Found Orchuwkyr's Weapon Shoppe.
  6290 | D:9      | Reached XP level 10. HP: 80/92 MP: 12/12
  6331 | D:9      | Found the +7 great mace "Firestarter" {inner flame, rF++}
  6465 | D:9      | Reached skill level 10 in Fighting
  6465 | D:9      | Reached skill level 1 in Maces & Flails
  6514 | D:9      | Noticed a manticore
  6522 | D:9      | Killed a manticore
  6522 | D:9      | Reached skill level 2 in Maces & Flails
  6716 | D:9      | Reached skill level 3 in Maces & Flails
  6735 | D:9      | Reached ** piety under Makhleb
  7003 | D:10     | Entered Level 10 of the Dungeon
  7096 | D:10     | Reached skill level 5 in Invocations
  7151 | D:10     | Noticed a kobold demonologist
  7161 | D:10     | Killed a kobold demonologist
  7161 | D:10     | Reached skill level 4 in Maces & Flails
  7213 | D:10     | Reached skill level 5 in Maces & Flails
  7532 | D:10     | Found Wumihenk's Antique Armour Shop.
  7681 | D:10     | Found a staircase to the Orcish Mines.
  7683 | D:10     | Killed an unseen horror
  7683 | D:10     | Reached XP level 11. HP: 100/102 MP: 15/15
  7771 | D:11     | Reached *** piety under Makhleb
  7781 | D:11     | Noticed a queen ant
  7785 | D:11     | Reached skill level 6 in Maces & Flails
  7794 | D:11     | Killed a queen ant
  7804 | D:11     | Reached skill level 7 in Maces & Flails
  7838 | D:11     | Reached **** piety under Makhleb
  7931 | D:11     | Noticed a brown ugly thing
  7932 | D:11     | Noticed a two-headed ogre
  7953 | D:11     | Killed a brown ugly thing
  7955 | D:11     | Killed a two-headed ogre
  7955 | D:11     | Reached skill level 8 in Maces & Flails
  7992 | D:11     | Noticed an oklob plant
  8042 | D:11     | Reached ***** piety under Makhleb
  8061 | D:11     | Killed an unseen horror
  8067 | D:11     | Reached XP level 12. HP: 113/113 MP: 18/18
  8094 | D:11     | Reached skill level 9 in Maces & Flails
  8327 | D:11     | Found a glowing silver altar of Zin.
  8431 | D:11     | Found a staircase to the Lair.
  8593 | D:12     | Noticed Josephine
  8601 | D:12     | Killed Josephine
  8615 | D:12     | Reached skill level 10 in Maces & Flails
  8973 | D:12     | Found a blossoming altar of Fedhas.
  9103 | D:12     | Reached skill level 11 in Maces & Flails
  9355 | D:12     | Noticed Azrael
  9382 | D:12     | Killed Azrael
  9827 | Lair:1   | Entered Level 1 of the Lair of Beasts
  9878 | Lair:1   | Reached skill level 12 in Maces & Flails
  9945 | Lair:1   | Reached XP level 13. HP: 123/123 MP: 19/19
 10610 | Lair:2   | Got a twisted hand axe
 10614 | Lair:2   | Found a staircase to the Snake Pit.
 10742 | Lair:2   | Identified the +4 spear of Integrity {drain, Dex+5}
 10743 | Lair:2   | Noticed Cary's ghost (journeyman DEFE)
 10992 | Lair:2   | Found a bloodstained altar of Trog.
 10993 | Lair:2   | Identified the +6 hand axe "Ubbidila" {flame, MR+} (You
                  | found it on level 2 of the Lair of Beasts)
 11002 | Lair:2   | Found a transporter.
 11004 | Lair:2   | Found a transporter.
 11410 | Lair:3   | Reached skill level 13 in Maces & Flails
 12216 | Lair:4   | Reached skill level 5 in Dodging
 12243 | Lair:4   | Found a frozen archway.
 12258 | IceCv    | Entered an ice cave
 12280 | IceCv    | Reached ****** piety under Makhleb
 12586 | IceCv    | Found an ancient bone altar of Kikubaaqudgha.
 13425 | Lair:4   | Reached skill level 14 in Maces & Flails
 13902 | Lair:5   | Reached XP level 14. HP: 111/133 MP: 20/20
 14089 | Lair:5   | Reached skill level 15 in Fighting
 14250 | Lair:5   | Found a runed translucent gate.
 14250 | Lair:5   | Found a runed translucent gate.
 14251 | Lair:5   | Found a runed translucent gate.
 14602 | Lair:5   | Noticed Peloso's ghost (journeyman MiFi)
 14688 | Lair:5   | Killed Peloso's ghost
 14694 | Lair:5   | Identified the Papyrus of Ashen Intoxication
 14703 | Lair:5   | Identified the +11 war axe of the Revolution {elec, rF+
                  | MR+} (You found it on level 5 of the Lair of Beasts)
 14785 | Lair:6   | Entered Level 6 of the Lair of Beasts
 14980 | Lair:6   | Found a staircase to the Slime Pits.
 15084 | Lair:6   | Reached skill level 15 in Maces & Flails
 15792 | Lair:6   | Noticed a dire elephant
 15792 | Lair:6   | Noticed a dire elephant
 15803 | Lair:6   | Killed a dire elephant
 15804 | Lair:6   | Killed a dire elephant
 15850 | Lair:6   | Noticed a dire elephant
 15857 | Lair:6   | Noticed a dire elephant
 15864 | Lair:6   | Killed a dire elephant
 15873 | Lair:6   | Killed a dire elephant
 16426 | Orc:1    | Entered Level 1 of the Orcish Mines
 16449 | Orc:1    | Noticed Snorg
 16451 | Orc:1    | Found a roughly hewn altar of Beogh.
 16462 | Orc:1    | Killed Snorg
 16707 | Orc:1    | Noticed an orc warlord
 16720 | Orc:1    | Killed an orc warlord
 16720 | Orc:1    | Reached XP level 15. HP: 44/141 MP: 21/21
 16756 | Orc:1    | Found Ojug's General Store.
 17115 | Orc:1    | Reached skill level 16 in Maces & Flails
 17208 | Orc:1    | Found a roughly hewn altar of Beogh.
 17629 | Orc:2    | Entered Level 2 of the Orcish Mines
 17629 | Orc:2    | Found a roughly hewn altar of Beogh.
 17993 | Orc:2    | Found a staircase to the Elven Halls.
 17993 | Orc:2    | Found Lyarie Wago's Weapon Boutique.
 18024 | Elf:1    | Entered Level 1 of the Elven Halls
 18044 | Elf:1    | Found a radiant altar of Vehumet.
 18306 | Elf:2    | Reached skill level 17 in Maces & Flails
 18695 | Elf:1    | Cast into level 2 of the Abyss (a deep elf demonologist)
 18774 | Abyss:3  | Found a corrupted altar of Lugonu.
 18821 | Abyss:3  | Gained mutation: Your spells are a little easier to cast,
                  | but a little less powerful. [a neqoxec]
 18848 | Abyss:3  | Noticed a tentacled starspawn
 18860 | Abyss:3  | Killed a tentacled starspawn
 18924 | Abyss:3  | Noticed a tentacled starspawn
 18942 | Abyss:3  | Killed a tentacled starspawn
 19038 | Abyss:3  | Reached skill level 18 in Maces & Flails
 19055 | Elf:1    | Escaped the Abyss
 19063 | Elf:1    | Noticed a Tzitzimitl
 19490 | Elf:1    | Reached skill level 19 in Maces & Flails
 19490 | Elf:1    | Reached XP level 16. HP: 106/149 MP: 22/22
 19615 | Elf:1    | Identified the Guide on the Escort
 20522 | Orc:2    | Found Araur's Assorted Antiques.
 20522 | Orc:2    | Found Utohuixe's Gadget Shoppe.
 20523 | Orc:2    | Found Retsiach's Weapon Shoppe.
 20526 | Orc:2    | Found Osimoemi's Gadget Emporium.
 20935 | D:13     | Reached skill level 20 in Maces & Flails
 20988 | D:13     | Found Zablao's Magic Scroll Shop.
 21697 | D:13     | Found a gate to the Vaults.
 22110 | D:14     | Noticed a lich
 22112 | D:14     | Noticed a Brimstone Fiend
 22118 | D:14     | Identified the ring "Taurghar" {Dex+2 Stlth+}
 22126 | D:14     | Blown up by a great orb of eyes

Levels and vault maps discovered:
D:1:      scummos_arrival_simple_crosswalls, layout_rooms, minmay_tetromino_s4
D:2:      layout_rooms, first_ration
D:3:      layout_basic, elyvilon_altar_1
D:4:      layout_basic, uniq_natasha, uniq_grinder, uniq_eustachio
D:5:      layout_cave_pools, minmay_temple_entry_trees
D:6:      lemuel_upstairs_altar, layout_basic, marbit_many_paths
D:7:      layout_basic, serial_shops, shop_statue, minmay_liquid_box
D:8:      layout_layer_cave, serial_shops, nicolae_shop_crystal,
          nicolae_shop_overgrown_old_shop, shop, shop
D:9:      layout_loops_cross
D:10:     layout_rooms, hiddenorc1_lemuel, serial_shops, shop_fountains
D:11:     layout_basic, dpeg_oklobed_lair, basic_altar,
          hangedman_pestilent_swarm, zaba_anthell
D:12:     layout_loops_cross, fedhas_bush_and_centaur_altar, uniq_azrael,
          uniq_josephine
D:13:     layout_roguey, david_vaults_4, kennysheep_small_square
D:14:     minmay_the_grid_3x3 [minmay_the_grid_minigrid_large,
          minmay_the_grid_diamond_grid, minmay_the_grid_doors,
          minmay_the_grid_slots, minmay_the_grid_tri_star,
          minmay_the_grid_small_cups, minmay_the_grid_broken_lines,
          minmay_the_grid_stretched_grid, minmay_the_grid_prize_inner_circle],
          layout_loops_ring, nicolae_water_bricks
Temple:   grunt_wide_crystal_templ
Lair:1:   layout_gridlike
Lair:2:   layout_small_grid, nicolae_swamp_entry_splash_gauntlet,
          minmay_snake_entry_guardpost_small, gammafunk_ghost_wrathful_warriors,
          st_stairs_8, infiniplex_staircase_pool_2
Lair:3:   layout_big_grid, ice2_lemuel
Lair:4:   layout_long_grid, portal_ice_cave_demonic_guard,
          nicolae_lair_yak_garden, grunt_megastairs_5
Lair:5:   layout_roguey, gammafunk_ghost_hydra_chop, serial_bayou_shore_b,
          serial_bayou_shore_b, grunt_megastairs_1
Lair:6:   due_jungle_book, layout_loops_ring, minmay_slime_entry_oklob_open,
          minmay_lindwurm_lava
Orc:1:    orc_temple, layout_caves, serial_shops, nicolae_shop_waterfront,
          basic_altar, mines_bat_river, uniq_snorg
Orc:2:    st_orc_mages, layout_diamond_mine, serial_shops, shop, mines2_david
Elf:1:    eino_elf_arrival_altar, layout_rooms, minmay_elf_demonology
Elf:2:    layout_onion_city, laboratory, minmay_shop_star

Skill      XL: |  1  2  3  4  5  6  7  8  9 10 11 12 13 14 15 16 |
---------------+-------------------------------------------------+-----
Fighting       | 3 4 5 6 7 9 11 12 13 14 15 16 | 16.0
Armour         | 1 2 3 4 6 7 8 9 |  9.7
Axes           | 5 6 7 9 11 | 11.0
Dodging        | 3 4 6 8 9 |  9.2
Invocations    | 3 6 8 |  8.5
Maces & Flails | 5 8 12 14 15 19 20 | 20.0
Throwing       | |  1.7

Action                   |  1- 3 |  4- 6 |  7- 9 | 10-12 | 13-15 | 16-18 || total
-------------------------+-------+-------+-------+-------+-------+-------++-------
Melee: War axe           |   114 |   172 |   377 |     4 |       |       ||   667
       Great mace        |       |       |       |   381 |   843 |   256 ||  1480
Throw: Throwing net      |     4 |     3 |     6 |     2 |       |       ||    15
       Dart              |       |       |     1 |       |     8 |       ||     9
Invok: Greater Servant o |       |       |       |       |     1 |       ||     1
Evoke: Wand              |       |       |       |     2 |    20 |     2 ||    24
       Phial of floods   |       |       |       |       |     1 |       ||     1
  Use: Scroll            |     4 |     8 |     8 |     6 |    21 |     3 ||    50
       Potion            |       |     3 |     2 |     4 |    19 |       ||    28
 Stab: Held in net/web   |       |     1 |     1 |     1 |       |       ||     3
       Invisible         |       |       |       |       |     2 |       ||     2
  Eat: Chunk             |       |     6 |    12 |     7 |    19 |     6 ||    50
       Ration            |       |       |       |     2 |     4 |       ||     6
Armor: Leather armour    |     5 |       |       |       |       |       ||     5
       Plate armour      |    68 |   119 |   175 |   287 |   515 |   132 ||  1296
       Skin              |       |       |     7 |       |       |       ||     7
Dodge: Dodged            |    82 |   115 |   231 |   305 |   693 |   192 ||  1618
Block: Other             |       |       |       |       |       |     2 ||     2
       Reflection        |       |       |       |       |       |     1 ||     1
